 Dungeon Crawl Stone Soup version 0.20.1-1-g8b1a95d (webtiles) character file.

49 McKennaii the Insei (level 3, 0/23 HPs)
             Began as an Octopode Transmuter on Aug 14, 2017.
             Succumbed to an adder's poison
             ... on level 2 of the Dungeon.
             The game lasted 00:02:02 (1374 turns).

McKennaii the Insei (Octopode Transmuter)           Turns: 1374, Time: 00:02:03

Health: 0/23       AC:  1    Str:  9    XL:     3   Next: 75%
Magic:  3/6        EV: 13    Int: 16    God:
Gold:   91         SH:  0    Dex: 12    Spells: 0/6 levels left

rFire    . . .     SeeInvis .     - Unarmed
rCold    . . .     Gourm    .   (no shield)
rNeg     . . .     Faith    .   (helmet restricted)
rPois    .         Spirit   .   (no amulet)
rElec    .         Reflect  .   (no ring)
rCorr    .         Harm     .   (no ring)
MR       .....                  (no ring)
Stlth    +++.......             (no ring)
Regen    0.1/turn               (no ring)
MPRegen  0.1/turn               (no ring)
                                (no ring)
                                (no ring)

@: lethally poisoned (0 -> -10), flying
A: almost no armour, stealthy swim, amphibious, 8 rings, constrict 8, camouflage
1, gelatinous body 1
a: no special abilities


You were on level 2 of the Dungeon.
You were hungry.

You visited 1 branch of the dungeon, and saw 2 of its levels.

You collected 91 gold pieces.

Inventory:

Missiles
 a - 94 arrows
Scrolls
 d - a scroll of remove curse {unknown}
 e - 2 scrolls of identify {unknown}
 f - a scroll of amnesia {unknown}
 h - a scroll of teleportation {unknown}
 j - a scroll of random uselessness {unknown}
 k - a scroll of fog {unknown}
Books
 b - a book of Changes

   Spells                             Type                      Level
   a - Beastly Appendage              Transmutation                1
   b - Sticks to Snakes               Transmutation                2
   c - Spider Form                    Transmutation/Poison         3
   d - Ice Form                       Ice/Transmutation            4
   e - Blade Hands                    Transmutation                5
Comestibles
 c - 2 bread rations


   Skills:
 + Level 1.1 Fighting
 + Level 2.2 Dodging
 * Level 1.3 Stealth
 * Level 3.8 Unarmed Combat
 + Level 2.2 Spellcasting
 * Level 2.4 Transmutations


You couldn't memorise any spells.
You knew the following spells:

 Your Spells              Type           Power        Failure   Level  Hunger
a - Beastly Appendage     Tmut           #.....       8%          1    #......
b - Sticks to Snakes      Tmut           #.......     11%         2    ###....
c - Spider Form           Tmut/Pois      #.........   36%         3    ###....


Dungeon Overview and Level Annotations

Branches:
Dungeon (2/15)

Altars:
Ashenzari


Innate Abilities, Weirdness & Mutations

You cannot wear most types of armour.
You are very stealthy in the water. (Stealth+)
You are amphibious.
You can wear up to eight rings at the same time.
You can use your tentacles to constrict eight enemies at once.
Your skin changes colour to match your surroundings (Stealth+).
Your rubbery body absorbs attacks. (AC +1, EV +1)


Message History

* * * LOW HITPOINT WARNING * * *
You feel sick. The adder bites you.
* * * LOW HITPOINT WARNING * * *
You are more poisoned.
The adder poisons you! The adder closely misses you.
An ooze comes into view.
You bludgeon the adder! Your grab misses the adder.
The adder is severely wounded.
* * * LOW HITPOINT WARNING * * *
You feel sick. The adder barely misses you.
You tentacle-slap the adder. You grab the adder.
The adder is almost dead.
You constrict the adder. The hobgoblin closely misses you. The adder bites you.
* * * LOW HITPOINT WARNING * * *
The hobgoblin hits you but does no damage.
You tentacle-slap the adder.
You kill the adder!
* * * LOW HITPOINT WARNING * * *
You feel sick. The hobgoblin barely misses you.
You die...

####.......#### #
..#.......#.. #..
..'..._...'. #..
#.......#
#######..#####.......##
#.....#.....#.........#
#.....#.....#⌠.##'##.⌠#
#.....#.....####?...#.#
#.....#........#@gJ#....#
#.....####.....#.g.#..#..
#.....# #.....S###..## ..
#.....# #...........# .
#.....#######....+##...
).....'..........+#####.
#.....#####.........# #
#.....# #.........#
####### #.........#


You could see an ooze, 2 hobgoblins and a friendly adder.

Vanquished Creatures
  2 adders (D:2)
  A dart slug (D:1)
  5 goblins (D:1)
  2 hobgoblins
  2 frilled lizards
  5 rats
17 creatures vanquished.

Vanquished Creatures (collateral kills)
  2 adders (D:2)
2 creatures vanquished.

Grand Total: 19 creatures vanquished

Notes
Turn   | Place    | Note
-------+----------+-------------------------------------------
     0 | D:1      | McKennaii the Octopode Transmuter began the quest for the Orb.
     0 | D:1      | Reached XP level 1. HP: 13/13 MP: 3/3
   512 | D:1      | Reached XP level 2. HP: 18/18 MP: 5/5
   516 | D:1      | Learned a level 2 spell: Sticks to Snakes
   542 | D:1      | Reached skill level 1 in Stealth
   941 | D:2      | Reached XP level 3. HP: 8/23 MP: 6/6
   946 | D:2      | Learned a level 3 spell: Spider Form
  1352 | D:2      | Found a shattered altar of Ashenzari.
  1373 | D:2      | HP: 1/23 [poisoned by an adder]
  1374 | D:2      | Succumbed to an adder's poison

Skill      XL: |  1  2 |
---------------+-------+-----
Stealth        | 1 |  1.3
Fighting       | |  1.1
Dodging        | |  2.2
Unarmed Combat | |  3.8
Spellcasting   | |  2.2
Transmutations | |  2.4

Action                   || total
-------------------------++-------
Melee: Unarmed           ||    46
       Constrict         ||     9
       Tentacles         ||     7
 Cast: Sticks to Snakes  ||     5
  Use: Potion            ||     3
 Stab: Sleeping          ||     3
  Eat: Chunk             ||     1
Armor: Skin              ||     2
Dodge: Dodged            ||    30
